 Dungeon Crawl Stone Soup version 0.17-a0-1481-gfdcec5c (webtiles) character file.

342 Lektor the Sneak (level 6, -3/28 HPs)
             Began as a Spriggan Enchanter on July 4, 2015.
             Slain by an orc
             ... wielding a +1 trident of piercing
              (5 damage)
             ... in the Ecumenical Temple.
             The game lasted 00:10:37 (2816 turns).

Lektor the Sneak (Spriggan Enchanter)               Turns: 2816, Time: 00:10:38

Health: -3/28      AC:  2    Str:  4    XL:     6   Next: 30%
Magic:  11/11      EV: 24    Int: 19    God:
Gold:   128        SH:  0    Dex: 21    Spells: 1 memorised, 8 levels left

rFire  + . .     SeeInvis +     h - +1 dagger (venom)
rCold  x . .     Clarity  .     k - +0 robe {MR+}
rNeg   . . .     SustAt   .     (shield restricted)
rPois  .         Gourm    .     (helmet restricted)
rElec  .         Spirit   .     (no cloak)
rCorr  .         Warding  .     (gloves unavailable)
rMut   .         Stasis   .     (boots unavailable)
MR     ++...                    (no amulet)
Stlth  +++++.....               (no ring)
                                x - ring of fire

@: agile, very quick, very resistant to hostile enchantments, quite stealthy
A: unfitting armour, see invisible, herbivore 3, speed 3, slow metabolism 2
a: no special abilities


You were in the Ecumenical Temple.
You were not hungry.

You visited 2 branches of the dungeon, and saw 5 of its levels.

You collected 128 gold pieces.

Inventory:

Hand weapons
 a - a +1 dagger
 h - a +1 dagger of venom (weapon)
 n - a +1 dagger of pain
 p - a +0 hunting sling
 q - a +1 dagger of electrocution
 t - a +0 blowgun
Missiles
 e - 12 poisoned arrows
 o - 28 sling bullets
 u - 12 poisoned needles
 A - 4 tomahawks (quivered)
Armour
 b - a +1 robe
 k - a +0 robe of magic resistance (worn)
Jewellery
 x - a ring of fire (left hand)
Scrolls
 i - 4 scrolls of identify
Potions
 f - 2 potions of agility
 g - 3 potions of curing {unknown}
 s - a potion of haste
 v - a potion of invisibility {unknown}
 w - a potion of cure mutation {unknown}
Books
 c - a book of Maledictions

   Spells                             Type                      Level
   a - Corona                         Hexes                        1
   b - Ensorcelled Hibernation        Hexes/Ice                    2
   c - Confuse                        Hexes                        3
   d - Tukima's Dance                 Hexes                        3
   e - Dazzling Spray                 Conjuration/Hexes            3
Miscellaneous
 r - a plain deck of changes
Comestibles
 d - 4 bread rations


   Skills:
 + Level 4.1 Short Blades
 - Level 3.0 Dodging
 + Level 7.3 Stealth
 - Level 2.6 Spellcasting
 + Level 5.7 Hexes


You had 8 spell levels left.
You knew the following spells:

 Your Spells              Type           Power        Failure   Level  Hunger
b - Ensorcelled Hibernat  Hex/Ice        #.....       10%         2    ##.....


Dungeon Overview and Level Annotations

Branches:
Dungeon (4/15)             Temple (1/1) D:4

Altars:
Kikubaaqudgha
Nemelex Xobeh
The Shining One

Annotations:
D:4 kinazarov's ghost, experienced VSMo


Innate Abilities, Weirdness & Mutations

You are tiny and cannot use many weapons and most armour.
You have supernaturally acute eyesight.
You are a herbivore.
You cover ground extremely quickly.
You need consume almost no food.


Message History

The orc wizard flickers and vanishes for a moment.
The orc barely misses you. The bat hits you but does no damage.
The quokka bites you. The goblin misses you. The bat closely misses you.
The quokka completely misses you.
There is a staircase to the Ecumenical Temple here.
The bat misses you. The bat hits you but does no damage.
The bat closely misses you. The bat barely misses you. The goblin misses you.
The orc closely misses you. The quokka bites you. Kinazarov's ghost hits you!
* * * LOW HITPOINT WARNING * * *
You climb downwards.
Welcome to the Ecumenical Temple!
There is a staircase back to the Dungeon here.
Drink which item? (? for menu, Esc to quit)
It was a potion of agility.
You feel agile all of a sudden. The bat completely misses you.
The bat closely misses you.
The bat hits the demonic plant but does no damage.
The bat completely misses you.
The orc hits you with a trident of piercing.
You die... ## .# .# .# ###.# #gr.# #bob# #P@P# #####

You could see an orc, a quokka, a goblin and 2 bats.

Vanquished Creatures
  Sigmund (D:2)
  An iguana (D:4)
  A gnoll (D:1)
  6 adders
  3 oozes (D:1)
  A worm (D:2)
  2 giant geckos
  4 orcs (D:3)
  9 bats
  A giant cockroach (D:1)
  8 goblins
  7 hobgoblins
  12 jackals
  A quokka (D:2)
  3 giant newts
  6 kobolds
  10 rats
76 creatures vanquished.

Notes
Turn   | Place    | Note
--------------------------------------------------------------
     0 | D:1      | Lektor the Spriggan Enchanter began the quest for the Orb.
     0 | D:1      | Reached XP level 1. HP: 9/9 MP: 5/5
    19 | D:1      | Reached XP level 2. HP: 13/13 MP: 6/6
    46 | D:1      | Reached skill level 5 in Stealth
    51 | D:1      | Learned a level 2 spell: Ensorcelled Hibernation
   176 | D:1      | Reached XP level 3. HP: 16/16 MP: 8/8
   916 | D:2      | Found an ancient bone altar of Kikubaaqudgha.
  1026 | D:2      | Noticed Sigmund
  1050 | D:2      | Killed Sigmund
  1050 | D:2      | Reached skill level 6 in Stealth
  1050 | D:2      | Reached skill level 5 in Hexes
  1050 | D:2      | Reached XP level 4. HP: 21/21 MP: 1/9
  1050 | D:2      | Reached XP level 5. HP: 24/24 MP: 1/10
  1230 | D:2      | Found a glowing golden altar of the Shining One.
  1978 | D:3      | Reached skill level 7 in Stealth
  2317 | D:3      | Reached XP level 6. HP: 25/28 MP: 11/11
  2720 | D:4      | Found a sparkling altar of Nemelex Xobeh.
  2797 | D:4      | Noticed kinazarov's ghost (experienced VSMo)
  2803 | D:4      | Found a staircase to the Ecumenical Temple.
  2815 | Temple   | Entered the Ecumenical Temple
  2816 | Temple   | Slain by an orc

Vault maps used:
D:1:      dpeg_arrival_rooms_c, st_stairs_13
D:2:      old_standard_altar, nicolae_overflow_crystal_walls, amalloy_card_club,
          uniq_sigmund
D:3:      serial_bayou, serial_bayou_shore_b, serial_bayou_shore_a,
          serial_bayou_shore_b, serial_bayou_pond_a, serial_bayou_ford_a
D:4:      lemuel_crystal_altar, minmay_temple_entry_glass
Temple:   corrupted_temple

Action                   |  1- 3 |  4- 6 || total
-------------------------+-------+-------++-------
Melee: Dagger            |    57 |   106 ||   163
Throw: Tomahawk          |       |     4 ||     4
 Cast: Ensorcelled Hiber |     3 |     4 ||     7
  Use: Scroll            |       |     8 ||     8
       Potion            |       |     1 ||     1
 Stab: Sleeping          |    13 |    15 ||    28
       Distracted        |     1 |     1 ||     2
